 Dungeon Crawl Stone Soup version 0.20-a0-694-ga0108bb (webtiles) character file.

106 theclanless the Ducker (level 4, -4/23 HPs)
             Began as a Spriggan Skald on Jan 15, 2017.
             Slain by Sigmund
             ... wielding a +4 scythe of protection
              (14 damage)
             ... on level 2 of the Dungeon.
             The game lasted 00:08:38 (1725 turns).

theclanless the Ducker (Spriggan Skald)             Turns: 1725, Time: 00:08:39

Health: -4/23      AC:  2    Str:  8    XL:     4   Next: 55%
Magic:  1/9        EV: 19    Int: 14    God:
Gold:   74         SH:  0    Dex: 15    Spells: 1/9 levels left

rFire  . . .     SeeInvis +     a - +2 falchion
rCold  . . .     Gourm    .     e - +0 robe
rNeg   + . .     Faith    .     (shield restricted)
rPois  .         Spirit   .     (helmet restricted)
rElec  .         Reflect  .     (no cloak)
rCorr  .         Harm     .     (gloves unavailable)
MR     .....                    (boots unavailable)
Stlth  ++........               (no amulet)
                                (no ring)
                                k - ring of positive energy

@: singing, very slightly contaminated, regenerating, very quick
A: unfitting armour, see invisible, herbivore 3, speed 3, slow metabolism 2
a: Stop Singing


You were on level 2 of the Dungeon.
You were not hungry.

You visited 1 branch of the dungeon, and saw 2 of its levels.

You collected 74 gold pieces.

Inventory:

Hand Weapons
 a - a +2 falchion (weapon)
 b - a +0 short sword
 g - a +0 hunting sling
Armour
 e - a +0 robe (worn)
Jewellery
 k - a ring of positive energy (left hand)
Scrolls
 i - a scroll of remove curse
 l - a scroll of fog {unknown}
Potions
 f - a potion of heal wounds
 h - a potion of curing
 j - a potion of ambrosia
Books
 c - a book of Battle

   Spells                             Type                      Level
   a - Infusion                       Charms                       1
   b - Shroud of Golubria             Charms/Translocation         2
   c - Song of Slaying                Charms                       2
   d - Spectral Weapon                Hexes/Charms                 3
   e - Regeneration                   Charms/Necromancy            3
Comestibles
 d - 2 bread rations


   Skills:
 + Level 2.1 Fighting
 * Level 2.4 Long Blades
 * Level 4.5 Dodging
 + Level 2.2 Stealth
 + Level 3.3 Spellcasting
 - Level 4.4 Charms
 * Level 0.8 Necromancy


You had one spell level left.
You knew the following spells:

 Your Spells              Type           Power        Failure   Level  Hunger
a - Infusion              Chrm           ##..         3%          1    #......
c - Regeneration          Chrm/Necr      #.........   24%         3    ###....
d - Shroud of Golubria    Chrm/Tloc      #.........   14%         2    ##.....
s - Song of Slaying       Chrm           ##......     6%          2    ##.....


Dungeon Overview and Level Annotations

Branches:
Dungeon (2/15)

Altars:

Annotations:
D:2 Sigmund


Innate Abilities, Weirdness & Mutations

You are very small and have problems with some larger weapons.
You are too small for most types of armour.
You have supernaturally acute eyesight. (SInv)
You are a herbivore.
You cover ground extremely quickly.
You need consume almost no food.


Message History

Sigmund is lightly wounded.
You hit Sigmund but do no damage.
Sigmund is lightly wounded.
Sigmund gestures at you while chanting. The puff of flame hits you!
Sigmund closely misses you.
You closely miss Sigmund.
Sigmund is lightly wounded.
Casting: Song of Slaying
Confirm with . or Enter, or press ? or * to list all spells.
Your skin crawls.
Sigmund closely misses you.
You riposte.
You hit Sigmund.
Sigmund is lightly wounded.
You hit Sigmund.
Sigmund is lightly wounded.
Sigmund hits you with a scythe of protection!
Your shroud falls apart!
You closely miss Sigmund.
Sigmund is lightly wounded.
Sigmund hits you with a scythe of protection!
Ouch! That really hurt!
You die...

##.......#
############
#.........
>....#...(.#
#........#
.....#.###.#
#........#
.......# #.##
##.......#
......## #..#
#.......>#
#####.# ##.#
####........#
####>.# #.#
#.@@........#
.....##
#.###.###.......#
.##### #.#...#
#.......# ##
###...###
#.........# #
#####....##
##..........
#####.....##.##
#..#.....###
##....######..#
#.########
#..#### ##.# #.#
..### #.####.#


You could see Sigmund.

Vanquished Creatures
  Terence (D:2)
  A gnoll (D:1)
  An ooze (D:1)
  2 worms (D:2)
  6 dart slugs
  A leopard gecko (D:2)
  3 giant cockroaches
  6 goblins (D:2)
  2 hobgoblins
  3 jackals
  8 kobolds
  A quokka (D:2)
  5 bats
  6 frilled lizards
  4 rats (D:1)
50 creatures vanquished.

Notes
Turn   | Place    | Note
-------+----------+-------------------------------------------
     0 | D:1      | theclanless the Spriggan Skald began the quest for the Orb.
     0 | D:1      | Reached XP level 1. HP: 10/10 MP: 5/5
   179 | D:1      | Reached XP level 2. HP: 14/14 MP: 2/6
   322 | D:1      | Learned a level 2 spell: Song of Slaying
   703 | D:1      | Reached skill level 1 in Stealth
   783 | D:1      | Reached XP level 3. HP: 11/18 MP: 8/8
   994 | D:1      | Learned a level 3 spell: Regeneration
  1044 | D:2      | Noticed Terence
  1195 | D:2      | Learned a level 2 spell: Shroud of Golubria
  1373 | D:2      | Killed Terence
  1373 | D:2      | Reached XP level 4. HP: 23/23 MP: 2/9
  1511 | D:2      | Noticed Sigmund
  1725 | D:2      | Slain by Sigmund

Vault maps used:
D:1:      shiori_shiawase
D:2:      minmay_lizard_king, uniq_robin, uniq_terence, uniq_sigmund

Skill      XL: |  1  2  3 |
---------------+----------+-----
Spellcasting   | 3 |  3.3
Dodging        | 4 |  4.5
Long Blades    | 2 |  2.4
Stealth        | 1 2 |  2.2
Fighting       | 2 |  2.1
Charms         | |  4.4
Necromancy     | |  0.8

Action                   |  1- 3 |  4- 6 || total
-------------------------+-------+-------++-------
Melee: Falchion          |   119 |    35 ||   154
 Cast: Infusion          |     6 |       ||     6
       Regeneration      |     5 |     1 ||     6
       Shroud of Golubri |     1 |     1 ||     2
       Song of Slaying   |       |     2 ||     2
  Use: Scroll            |     5 |     2 ||     7
       Potion            |     1 |       ||     1
 Stab: Sleeping          |     5 |     1 ||     6
Armor: Robe              |    10 |     7 ||    17
Dodge: Dodged            |   102 |    34 ||   136
       Rpst.: Falchion   |    36 |    15 ||    51
